 Dungeon Crawl Stone Soup version 0.29-a0-322-g68df515428 (webtiles) character file.

Game seed: 4518354548045422602

361 GigaChad the Bolt Thrower (level 6, -5/52 HPs)
             Began as a Minotaur Hunter on Apr 6, 2022.
             Was an Initiate of Yredelemnul.
             Slain by a killer bee (6 damage)
             ... on level 5 of the Dungeon.
             The game lasted 00:16:03 (2647 turns).

GigaChad the Bolt Thrower (Minotaur Hunter)         Turns: 2647, Time: 00:16:03

Health: -5/52      AC: 10    Str: 15    XL:     6   Next: 38%
Magic:  5/5        EV:  7    Int:  6    God:    Yredelemnul [......]
Gold:   177        SH:  0    Dex: 16    Spells: 5/5 levels left

rFire   . . .      SeeInvis .   u - +2 halberd (freeze)
rCold   + . .      Faith    .   (shield currently unavailable)
rNeg    . . .      Spirit   .   q - +1 chain mail
rPois   .          Reflect  .   (helmet restricted)
rElec   .          Harm     .   (no cloak)
rCorr   .          Rampage  .   (no gloves)
Will    .....                   (no boots)
Stlth   ..........              (no amulet)
HPRegen 0.17/turn               f - ring of protection from cold
MPRegen 0.09/turn               (no ring)

@: lethally poisoned (-5 -> -10)
A: horns 2, retaliatory headbutt
a: Renounce Religion, Recall Undead Harvest


You were on level 5 of the Dungeon.
You worshipped Yredelemnul.
Yredelemnul was noncommittal.
You visited 2 branches of the dungeon, and saw 6 of its levels.

You collected 177 gold pieces.

Inventory:

Hand Weapons
 a - a +1 hand crossbow
 h - a +0 rapier
 k - a +0 short sword of speed
 o - a +1 dagger of electrocution
 r - a +0 hand axe
 u - a +2 halberd of freezing (weapon)
 v - the +6 short sword of Sinam {elec, rElec Dex+2}
   (You found it on level 4 of the Dungeon)

   It occasionally discharges a powerful burst of electricity upon striking a
   foe.
   Dex:       It affects your dexterity (+2).
   rElec:     It insulates you from electricity.
 x - a +0 hand axe
 B - a +1 shortbow of freezing
 C - a +0 falchion
 E - a +0 quarterstaff
Missiles
 i - 5 poisoned darts
Armour
 b - a +1 leather armour
 e - a +0 ring mail
 q - a +1 chain mail (worn)
Magical Staves
 y - a staff of earth
Jewellery
 f - a ring of protection from cold (left hand)
Wands
 A - a wand of acid (4)
Scrolls
 c - a scroll of immolation
 d - 2 scrolls of holy word {unknown}
 g - a scroll of fog {unknown}
 l - a scroll of identify
 n - a scroll of torment {unknown}
 s - a scroll of noise
 w - a scroll of magic mapping {unknown}
 D - a scroll of vulnerability {unknown}
 F - a scroll of blinking {unknown}
Potions
 j - 3 potions of curing {unknown}
 m - a potion of lignification {unknown}
 p - a potion of brilliance {unknown}
 t - a potion of might {unknown}
 z - a potion of attraction {unknown}


   Skills:
 + Level 3.9 Fighting
 + Level 0.3 Short Blades
 + Level 0.7 Polearms
 + Level 6.9 Crossbows
 + Level 2.9 Armour
 + Level 2.9 Dodging
 + Level 0.8 Stealth


You had 5 spell levels left.
You didn't know any spells.
Your spell library contained the following spells:

 Spells                   Type           Power      Damage    Failure   Level
 Sting                    Tmut/Pois      0%         1d3       100%        1
 Poisonous Vapours        Pois/Air       0%         N/A       100%        2
 Dazzling Flash           Conj/Hex       0%         N/A       100%        3
 Olgreb's Toxic Radiance  Pois           0%         N/A       100%        4
 Agony                    Necr           0%         N/A       100%        5
 Silence                  Hex/Air        0%         N/A       100%        5


Dungeon Overview and Level Annotations

Branches:
Dungeon (5/15)             Temple (1/1) D:4

Altars:
Ashenzari
Cheibriados
Dithmenos
Elyvilon
Fedhas
Gozag
Hepliaklqana
Kikubaaqudgha
Makhleb
Nemelex Xobeh
Okawaru
Qazlal
Sif Muna
Trog
Uskayaw
Vehumet
Wu Jian
Xom
Yredelemnul
Zin
The Shining One


Innate Abilities, Weirdness & Mutations

You have a pair of horns on your head.
You reflexively headbutt those who attack you in melee.


Message History

The killer bee stings you!
You are more poisoned.
The killer bee poisons you!
Your +2 halberd of freezing glows with a cold blue light!
u - a +2 halberd of freezing (weapon)
You feel sick. The killer bee closely misses you.
The killer bee stings you but does no damage. x2
You closely miss the killer bee. You headbutt the killer bee.
The killer bee is severely wounded.
You feel very sick. The killer bee closely misses you.
The killer bee stings you but does no damage.
The killer bee closely misses you.
The killer bee stings you but does no damage.
The killer bee stings you.
The killer bee stings you but does no damage.
A killer bee comes into view.
The killer bee stings you but does no damage.
The killer bee stings you. The killer bee closely misses you.
You miss the killer bee.
The killer bee buzzes angrily.
Your headbutt misses the killer bee.
The killer bee is severely wounded.
You feel sick.
The killer bee stings you but does no damage.
The killer bee barely misses you. x2; The killer bee stings you!
* * * LOW HITPOINT WARNING * * *
The killer bee barely misses you. The killer bee closely misses you.
You furiously retaliate!
You headbutt the killer bee.
The killer bee stings you but does no damage.
The killer bee stings you.
* * * LOW HITPOINT WARNING * * *
The killer bee stings you.
* * * LOW HITPOINT WARNING * * *
The killer bee attacks as you move away!
The killer bee stings you.
* * * LOW HITPOINT WARNING * * *
x2 You feel sick.
The killer bee closely misses you. The killer bee stings you.
You die...
Your body rises from the dead as a mindless zombie.

... . #.### ####. #
##... .....## # .. ...#
#..... .#y# #..#
##.#.#.###...# #..#
.......<.....# #.<#
#.#.#.y.....# #..#
#....yy###..#
#..#####.##...#@###..#
#....................##
#.######...............
#.# ####.##.#######
#.#############.#
#...............#
#################


You could see 3 killer bees.

Vanquished Creatures
  A water moccasin (D:3)
  A sky beast (D:4)
  6 gnolls
  4 adders
  A worm (D:3)
  A dart slug (D:2)
  11 orcs
  6 bats
  6 endoplasms
  3 giant cockroaches
  6 goblins
  A hobgoblin (D:4)
  2 jackals (D:1)
  2 quokkas (D:1)
  7 ball pythons
  A frilled lizard (D:1)
  6 kobolds
  3 rats
68 creatures vanquished.

Notes
Turn   | Place    | Note
-------+----------+-------------------------------------------
     0 | D:1      | GigaChad the Minotaur Hunter began the quest for the Orb.
     0 | D:1      | Reached XP level 1. HP: 18/18 MP: 0/0
   144 | D:1      | Reached XP level 2. HP: 23/25 MP: 1/1
   543 | D:2      | Reached skill level 5 in Crossbows
   543 | D:2      | Reached XP level 3. HP: 27/30 MP: 2/2
   822 | D:2      | Reached skill level 1 in Armour
  1139 | D:2      | Reached XP level 4. HP: 35/38 MP: 3/3
  1778 | D:4      | Noticed a water moccasin
  1791 | D:3      | Killed a water moccasin
  1792 | D:3      | Reached skill level 6 in Crossbows
  1792 | D:3      | Reached XP level 5. HP: 40/46 MP: 4/4
  1869 | D:4      | Identified the +6 short sword of Sinam {elec, rElec Dex+2}
  2287 | D:4      | Reached XP level 6. HP: 45/52 MP: 5/5
  2316 | D:4      | Noticed a sky beast
  2324 | D:4      | Killed a sky beast
  2333 | D:4      | Found a staircase to the Ecumenical Temple.
  2346 | Temple   | Entered the Ecumenical Temple
  2501 | Temple   | Became a worshipper of Yredelemnul the Dark
  2609 | D:5      | Entered Level 5 of the Dungeon
  2647 | D:5      | HP: 2/52 [killer bee (2)]
  2647 | D:5      | Slain by a killer bee

Illustrated notes

Levels and vault maps discovered:
D:1:      nicolae_arrival_washed_ashore, layout_rooms
D:2:      layout_basic, kennysheep_generic_room_3
D:3:      kennysheep_big_flooded_room, layout_loops_ring
D:4:      layout_basic, minmay_temple_entry_sparse_star
D:5:      layout_loops_ring, serial_shops, shop, nicolae_stop_n_shop_2
Temple:   minmay_crystal_snake_temple

Skill      XL: |  1  2  3  4 |
---------------+-------------+-----
Crossbows      | 5 6 |  6.9
Fighting       | 3 |  3.9
Armour         | 1 2 |  2.9
Short Blades   | |  0.3
Polearms       | |  0.7
Dodging        | |  2.9
Stealth        | |  0.8

Action                   |  1- 3 |  4- 6 || total
-------------------------+-------+-------++-------
Melee: Hand crossbow     |     2 |     1 ||     3
       Dagger            |       |    30 ||    30
       Headbutt          |       |     8 ||     8
       Halberd           |       |    11 ||    11
 Fire: Hand crossbow     |    75 |    61 ||   136
  Use: Scroll            |     4 |     1 ||     5
Armor: Leather armour    |     4 |       ||     4
       Ring mail         |    23 |     4 ||    27
       Chain mail        |       |    65 ||    65
Dodge: Dodged            |    38 |    50 ||    88

Table legend: (Time is in decaauts)
 A = Elapsed time spent in this place.
 B = Non-inter-level travel time spent in this place.
 C = Inter-level travel time spent in this place.
 D = Time resting spent in this place.
 E = Time spent auto-exploring this place.
 F = Levels seen in this place.
 G = Mean time per level.
                   A        B        C        D        E       F      G
               +--------+--------+--------+--------+--------+-----+--------+
         Total |   2707 |   2664 |     43 |      0 |    887 |   6 |  451.2 |
       Dungeon |   2526 |   2483 |     43 |      0 |    887 |   5 |  505.2 |
        Temple |    180 |    180 |      0 |      0 |      0 |   1 |  180.0 |
               +--------+--------+--------+--------+--------+-----+--------+

Top non-repeatable levels by time:
     D:2: 757 daAuts
     D:4: 672 daAuts
     D:3: 565 daAuts
     D:1: 491 daAuts
  Temple: 180 daAuts
     D:5: 39 daAuts
